 Dungeon Crawl Stone Soup version 0.28-a0-1236-gb25a51b929 (webtiles) character file.

Game seed: 9034952614273400540

6892 shoop the Cleaver (level 10, -14/79 HPs)
             Began as a Palentonga Abyssal Knight on Dec 26, 2021.
             Was an Elder of Lugonu.
             Demolished by a freezing wraith (19 damage)
             ... on level 9 of the Dungeon.
             The game lasted 00:37:02 (10766 turns).

shoop the Cleaver (Palentonga Abyssal Knight)      Turns: 10766, Time: 00:37:04

Health: -14/79     AC: 21    Str: 18    XL:     10   Next: 79%
Magic:  16/16      EV:  8    Int: 13    God:    Lugonu [****..]
Gold:   449        SH:  0    Dex: 17    Spells: 9/9 levels left

rFire   . . .      SeeInvis +   a - +0 battleaxe
rCold   . . .      Faith    .   (shield currently unavailable)
rNeg    + . .      Spirit   .   T - +2 scale mail {Will+}
rPois   .          Reflect  .   h - +1 helmet {SInv}
rElec   .          Harm     .   m - +0 cloak
rCorr   .          Rampage  .   i - +1 pair of gloves
Will    +....                   (no barding)
Stlth   ..........              (no amulet)
HPRegen 0.23/turn               d - ring of positive energy
MPRegen 0.15/turn               S - +6 ring of dexterity

@: slowed, curled up, very slow
A: large, rugged brown scales 3, see invisible, deformed body, roll 1, armoured
tail, reflexive curl
a: Rolling Charge, Renounce Religion, Depart the Abyss, Bend Space, Banish,
Corrupt


You were on level 9 of the Dungeon.
You worshipped Lugonu.
Lugonu was greatly pleased with you.
You visited 1 branch of the dungeon, and saw 9 of its levels.
You visited the Abyss 1 time.
You also visited: Sewer and Ossuary.

You collected 659 gold pieces.
You spent 210 gold pieces at shops.

Inventory:

Hand Weapons
 a - a +0 battleaxe (weapon)
 b - a +2 war axe of freezing
 O - a +0 broad axe
 P - a +0 antimagic hand axe
Missiles
 g - a throwing net
 r - 20 poisoned darts (quivered)
Armour
 h - a +1 helmet of see invisible (worn)
 i - a +1 pair of gloves (worn)
 m - a +0 cloak (worn)
 y - a +0 troll leather armour {Pargi}
 H - a scarf of harm
 Q - the +1 robe "Tonynnid" {rElec}
   (You took it off a wight on level 6 of the Dungeon)

   rElec:     It insulates you from electricity.
 T - a +2 scale mail of willpower (worn)
Jewellery
 d - a ring of positive energy (left hand)
 k - a ring of magical power
 D - a +6 ring of dexterity
 S - a +6 ring of dexterity (right hand)
Wands
 x - a wand of iceblast (11)
 A - a wand of flame (13)
 C - a wand of acid (3)
Scrolls
 e - 2 scrolls of brand weapon {unknown}
 j - a scroll of magic mapping {unknown}
 l - 3 scrolls of immolation
 n - 3 scrolls of fear
 o - 7 scrolls of teleportation
 q - a scroll of silence
 v - a scroll of enchant armour {unknown}
 F - 2 scrolls of enchant weapon {unknown}
 I - a scroll of amnesia
 J - 2 scrolls of vulnerability {unknown}
 K - a scroll of blinking
Potions
 c - 3 potions of curing
 f - 4 potions of brilliance {unknown}
 p - 4 potions of resistance {unknown}
 s - a potion of cancellation
 t - 2 potions of mutation {unknown}
 u - 2 potions of heal wounds
 z - a potion of berserk rage
 B - 4 potions of flight
 E - 2 potions of attraction {unknown}
 G - a potion of lignification {unknown}
 L - a potion of magic {unknown}
 M - a potion of might
 N - a potion of experience {unknown}


   Skills:
 - Level 5.0 Fighting
 * Level 13.3 Axes
 - Level 1.0 Throwing
 - Level 3.0 Armour
 - Level 2.0 Dodging
 - Level 1.0 Stealth
 - Level 8.0 Invocations
 - Level 3.0 Evocations


You had 9 spell levels left.
You didn't know any spells.
Your spell library contained the following spells:

 Spells                   Type           Power      Damage    Failure   Level
 Sting                    Tmut/Pois      0%         1d3       67%         1
 Corpse Rot               Necr/Air       0%         N/A       82%         2
 Poisonous Vapours        Pois/Air       0%         N/A       82%         2
 Static Discharge         Conj/Air       0%         N/A       82%         2
 Conjure Flame            Conj/Fire      0%         6-21      96%         3
 Gell's Gravitas          Tloc           0%         N/A       96%         3
 Ignite Poison            Fire/Tmut/Pois 0%         N/A       96%         3
 Lesser Beckoning         Tloc           0%         N/A       96%         3
 Teleport Other           Tloc           0%         N/A       96%         3
 Dispel Undead            Necr           0%         3d6       100%        4
 Fulminant Prism          Conj/Hex       0%         3d6       100%        4
 Iskenderun's Mystic Bla  Conj/Tloc      0%         2d3       100%        4
 Olgreb's Toxic Radiance  Pois           0%         N/A       100%        4
 Sticky Flame             Conj/Fire      0%         2d3       100%        4
 Lee's Rapid Deconstruct  Erth           0%         3d5*      100%        5
 Death Channel            Necr           0%         N/A       100%        6


Dungeon Overview and Level Annotations

Branches:
Dungeon (9/15)             Temple (0/1) D:6           Sewer (visited)
Ossuary (visited)
   Lair: D:8-11         Orc: D:9-12

Altars:
Dithmenos
Gozag
Kikubaaqudgha
Nemelex Xobeh
Trog
Uskayaw
Xom
Yredelemnul
Zin
Jiyva

Shops:
D:2 [?([!   D:6 **

Annotations:
D:5 exclusion: ogre
D:6 1 runed translucent door
Abyss:1 Psyche


Innate Abilities, Weirdness & Mutations

You are completely covered in rugged brown scales. (AC +3, +7% HP)
You have supernaturally acute eyesight. (SInv)
Armour fits poorly on your strangely shaped body.
You can roll at nearby foes to attack.
You have a long armoured tail.
You curl defensively after being hit. (AC +7*)


Message History

Magic restored.
A freezing wraith comes into view.
No reachable target in view!
Found 22 gold pieces and a shiny helmet.
Okay, then.
Your +2 war axe of freezing stops glowing.
a - a +0 battleaxe (weapon)
You slice the freezing wraith!!
You tail-slap the freezing wraith, but do no damage.
The freezing wraith is heavily damaged.
The freezing wraith hits you. The freezing wraith freezes you!
The freezing wraith hits you but does no damage.
You hit the freezing wraith but do no damage.
The freezing wraith is heavily damaged.
The freezing wraith barely misses you.
The freezing wraith hits you but does no damage.
You completely miss the freezing wraith.
The freezing wraith is heavily damaged.
The freezing wraith closely misses you.
The freezing wraith hits you but does no damage.
You slash the freezing wraith!
The freezing wraith is severely damaged.
The freezing wraith hits you! The freezing wraith freezes you!
The freezing wraith hits you. The freezing wraith drains your vigour!
You feel yourself slow down.
An orc comes into view.
It is wielding a +0 club and wearing the +2 plate armour of Liberty {Contam rC+ Stlth+}.
You closely miss the freezing wraith.
The freezing wraith is severely damaged.
The orc shouts!
The freezing wraith hits you! The freezing wraith freezes you!
* * * LOW HITPOINT WARNING * * *
The freezing wraith hits you.
* * * LOW HITPOINT WARNING * * *
The freezing wraith drains your vigour!
You feel as though you will be slow longer.
An orc comes into view. It is wielding a +1 vorpal hand axe.
The freezing wraith hits you.
* * * LOW HITPOINT WARNING * * *
The freezing wraith freezes you!!
You die...

.....#...
.......#.o#..[.#...#.#
.......#..##o..#...#.##.#
.......#.....###...#.##..
...
.......##.........##.....
....
.T##....####..../.#..##.#
..# ..#
............###..##.##.#
..#
......$#####....##....##
..#
####.....W@...###.#...####
).#
##########............#
).# ##### #####........#
.## ..._.# #........# .#
._...##########.[......#
.#
_.__.#.................#
.#
..._.#...#######.[.....#
.# >._._#...# #.......# .#
#######...# #.......#


You could see a freezing wraith and 2 orcs.

Vanquished Creatures
  A two-headed ogre (D:7)
  A shadow (D:9)
  3 yaks
  2 wyverns (D:8)
  Grum (D:7)
  2 water moccasins
  Pargi (Sewer)
  2 necrophages (D:4)
  3 sky beasts (D:7)
  3 orc warriors
  A black bear (D:3)
  2 ogres
  3 wolves (D:8)
  3 centaurs
  2 kobold brigands
  5 bullfrogs
  A gnoll sergeant (D:8)
  2 scorpions
  A wyvern zombie (Ossuary)
  3 water moccasin zombies (Ossuary)
  A water moccasin skeleton (D:5)
  3 wights
  2 howler monkeys (D:8)
  4 centaur zombies
  5 bullfrog zombies (Ossuary)
  3 hounds
  6 jellies
  2 orc priests
  2 gnoll shamans
  Natasha (thrice) (D:2)
  8 orc wizards
  A killer bee zombie (Ossuary)
  12 mummies (Ossuary)
  5 howler monkey zombies
  Robin (D:2)
  21 gnolls
  6 adders
  A river rat (D:5)
  2 white imps (D:8)
  2 ufetubi (D:5)
  An adder skeleton (D:4)
  2 worms (D:2)
  4 dart slugs
  21 orcs
  8 bats
  5 endoplasms
  3 giant cockroaches
  11 hobgoblins
  2 jackals (D:2)
  4 quokkas
  7 ball pythons
  2 frilled lizards
  20 goblins
  2 goblin zombies (D:6)
  A jackal skeleton (D:6)
  14 kobolds
  A quokka zombie (D:6)
  9 rats
249 creatures vanquished.

Vanquished Creatures (others)
  A human (D:6)
  11 withered plants (Ossuary)
12 creatures vanquished.

Grand Total: 261 creatures vanquished

Notes
Turn   | Place    | Note
-------+----------+-------------------------------------------
     0 | Abyss:1  | shoop the Palentonga Abyssal Knight began the quest for the
                  | Orb.
     0 | Abyss:1  | Reached XP level 1. HP: 19/19 MP: 2/2
    92 | Abyss:1  | Noticed a bone dragon
    97 | Abyss:1  | Noticed a large abomination
   100 | D:1      | Escaped the Abyss
   178 | D:1      | Found a faded altar of an unknown god.
   197 | D:1      | Reached * piety under Lugonu
   283 | D:1      | Reached skill level 1 in Stealth
   340 | D:1      | Reached XP level 2. HP: 21/25 MP: 3/3
  1046 | D:2      | Reached skill level 3 in Axes
  1205 | D:2      | Reached XP level 3. HP: 31/31 MP: 4/4
  1217 | D:2      | Noticed Robin
  1551 | D:2      | Reached skill level 4 in Axes
  1551 | D:2      | Reached XP level 4. HP: 37/37 MP: 5/5
  1580 | D:2      | Reached skill level 1 in Dodging
  1589 | D:2      | Killed Robin
  1602 | D:1      | Reached ** piety under Lugonu
  1764 | D:2      | Found Diniz's Magic Scroll Boutique.
  1798 | D:2      | Found Oxusee's Antique Armour Shop.
  1863 | D:2      | Found Ustor's Distillery.
  1959 | D:2      | Noticed Natasha
  1971 | D:2      | Killed Natasha
  1972 | D:2      | Reached XP level 5. HP: 28/43 MP: 6/6
  2003 | D:2      | Noticed Natasha
  2060 | D:2      | Killed Natasha
  2061 | D:2      | Reached skill level 5 in Axes
  2174 | D:2      | Noticed Natasha
  2186 | D:2      | Killed Natasha
  2190 | D:2      | Found Duagon's Antique Weapon Shoppe.
  2195 | D:2      | Found Eranejui's Antique Armour Shoppe.
  2466 | D:2      | Bought a scroll of teleportation for 36 gold pieces
  2495 | D:2      | Bought a potion of curing for 36 gold pieces
  2495 | D:2      | Bought a potion of degeneration for 12 gold pieces
  2914 | D:3      | Reached skill level 6 in Axes
  2914 | D:3      | Reached XP level 6. HP: 48/50 MP: 7/7
  2952 | D:3      | Reached skill level 1 in Throwing
  3632 | D:4      | Noticed a yak
  3813 | D:4      | Reached skill level 7 in Axes
  3813 | D:4      | Gained mutation: You curl defensively after being hit. (AC
                  | +7*) [Palentonga growth]
  3813 | D:4      | Reached XP level 7. HP: 52/55 MP: 9/9
  3853 | D:4      | Noticed a yak
  3903 | D:4      | Reached *** piety under Lugonu
  3923 | D:4      | Found a shadowy altar of Dithmenos.
  4019 | D:4      | Noticed a yak
  4019 | D:4      | Noticed a yak
  4635 | D:2      | Bought a potion of heal wounds for 60 gold pieces
  4700 | D:5      | Entered Level 5 of the Dungeon
  4720 | D:4      | Reached skill level 8 in Axes
  5133 | D:5      | Reached skill level 5 in Invocations
  5133 | D:5      | Reached XP level 8. HP: 22/62 MP: 11/11
  5230 | D:5      | Found a glowing drain.
  5382 | Sewer    | Entered a sewer
  5426 | Sewer    | Noticed Pargi
  5439 | Sewer    | Killed Pargi
  5676 | D:5      | Found a bloodstained altar of Trog.
  6088 | D:2      | Bought a scroll of fear for 42 gold pieces
  6088 | D:2      | Bought a scroll of identify for 24 gold pieces
  6216 | D:6      | Found a runed translucent door.
  6224 | D:6      | Found a basalt altar of Yredelemnul.
  6288 | D:6      | Found an ancient bone altar of Kikubaaqudgha.
  6302 | D:6      | Found a sparkling altar of Nemelex Xobeh.
  6356 | D:6      | Found a sand-covered staircase.
  6371 | Ossuary  | Entered an ossuary
  6382 | Ossuary  | Reached **** piety under Lugonu
  6527 | Ossuary  | Reached skill level 1 in Evocations
  6643 | Ossuary  | Reached XP level 9. HP: 26/67 MP: 15/15
  6849 | Ossuary  | Reached skill level 9 in Axes
  7044 | D:6      | Found a staircase to the Ecumenical Temple.
  7268 | D:6      | Found Orchawn's General Store.
  7270 | D:6      | Found Sevoteg's Specific Store.
  7418 | D:7      | Found an opulent altar of Gozag.
  7737 | D:4      | Reached skill level 10 in Axes
  8197 | D:7      | Noticed an eight-headed hydra
  8229 | D:7      | Noticed a two-headed ogre
  8252 | D:7      | Identified the +1 robe "Tonynnid" {rElec}
  8460 | D:7      | Found a hide-covered altar of Uskayaw.
  8717 | D:7      | Killed a two-headed ogre
  8718 | D:7      | Reached skill level 11 in Axes
  8718 | D:7      | Reached XP level 10. HP: 40/78 MP: 16/16
  9151 | D:8      | Found a viscous altar of Jiyva.
  9151 | D:8      | Noticed Grum
  9187 | D:7      | Killed Grum
  9219 | D:8      | Reached skill level 5 in Fighting
  9334 | D:8      | Reached skill level 12 in Axes
  9726 | D:8      | Found a glowing silver altar of Zin.
 10350 | D:8      | Reached ***** piety under Lugonu
 10634 | D:9      | Reached skill level 13 in Axes
 10640 | D:9      | Found a shimmering altar of Xom.
 10640 | D:9      | Found a shimmering altar of Xom.
 10641 | D:9      | Found a shimmering altar of Xom.
 10644 | D:9      | Found a shimmering altar of Xom.
 10644 | D:9      | Found a shimmering altar of Xom.
 10645 | D:9      | Found a shimmering altar of Xom.
 10646 | D:9      | Found a shimmering altar of Xom.
 10646 | D:9      | Found a shimmering altar of Xom.
 10671 | D:9      | Noticed Psyche
 10673 | D:9      | Banished Psyche
 10765 | D:9      | Identified the +2 plate armour of Liberty {Contam rC+
                  | Stlth+}
 10766 | D:9      | Demolished by a freezing wraith

Illustrated notes

Levels and vault maps discovered:
D:1:      psy_arrival_conway, layout_basic, chequers_ecumenical_altar_twisty
D:2:      layout_loops_ring, serial_shops, shop_fountains, nicolae_shop_trees,
          shop, shop, nicolae_shop_trees, serial_bayou_pond_e, uniq_robin,
          uniq_natasha
D:3:      layout_loops_ring
D:4:      layout_cave_pools, nicolae_overflow_hidden_temple
D:5:      layout_loops_ring, trog_butcher_becter, portal_sewer_entry_a,
          chequers_serial_rivers_micro_c
D:6:      layout_cave_pools, tgw_kikubaaqudgha, dk_yredelemnul_ordeal,
          nemelex_xobeh_ov_fountains_minmay, minmay_temple_entry_grid,
          enter_ossuary_4, nicolae_specific_store
D:7:      layout_rooms, amcnicky_altar_gilded,
          mainiacjoe_overflow_surrounded_room
D:8:      layout_rooms, mainiacjoe_overflow_alcove_4,
          dreamdust_deal_with_the_devil, grunt_ministairs_12,
          minmay_misc_feat_x, jiyva_altar_1, uniq_grum
D:9:      minmay_shrinking_squares, layout_basic, xom_shifter_show,
          lair_entry_dummy, minmay_radiant, uniq_erica, uniq_psyche

Skill      XL: |  1  2  3  4  5  6  7  8  9 10 |
---------------+-------------------------------+-----
Stealth        | 1 |  1.0
Axes           | 3 4 6 7 8 11 13 | 13.3
Dodging        | 1 2 |  2.0
Armour         | 2 3 |  3.0
Throwing       | 1 |  1.0
Invocations    | 3 5 8 |  8.0
Evocations     | 2 3 |  3.0
Fighting       | 4 5 |  5.0

Action                   |  1- 3 |  4- 6 |  7- 9 | 10-12 || total
-------------------------+-------+-------+-------+-------++-------
Melee: Hand axe          |    96 |   147 |   525 |       ||   768
       Tailslap          |    14 |    20 |    94 |    29 ||   157
       Flail             |       |       |    37 |       ||    37
       Battleaxe         |       |       |    55 |   169 ||   224
       Morningstar       |       |       |     1 |       ||     1
       War axe           |       |       |       |    13 ||    13
Throw: Dart              |       |     6 |    17 |       ||    23
Invok: Depart the Abyss  |     1 |       |       |       ||     1
       Bend Space        |       |       |     4 |       ||     4
       Banish            |       |       |     1 |     3 ||     4
 Abil: Rolling Charge    |       |     9 |     6 |     2 ||    17
  Use: Scroll            |       |       |     6 |     1 ||     7
 Stab: Sleeping          |       |     3 |       |     1 ||     4
Armor: Leather armour    |    26 |    56 |    63 |       ||   145
       Troll leather arm |       |       |   181 |    47 ||   228
       Scale mail        |       |       |       |    47 ||    47
Dodge: Dodged            |    30 |    57 |   229 |    86 ||   402

Table legend: (Time is in decaauts)
 A = Elapsed time spent in this place.
 B = Non-inter-level travel time spent in this place.
 C = Inter-level travel time spent in this place.
 D = Time resting spent in this place.
 E = Time spent auto-exploring this place.
 F = Levels seen in this place.
 G = Mean time per level.
                   A        B        C        D        E       F      G
               +--------+--------+--------+--------+--------+-----+--------+
         Total |  10838 |   9842 |    996 |   1710 |   5146 |  12 |  903.2 |
       Dungeon |   9899 |   8903 |    996 |   1507 |   4895 |   9 | 1099.9 |
         Abyss |    104 |    104 |      0 |      0 |     94 |   1 |  104.0 |
         Sewer |    179 |    179 |      0 |     74 |     13 |   1 |  179.0 |
       Ossuary |    655 |    655 |      0 |    129 |    144 |   1 |  655.0 |
               +--------+--------+--------+--------+--------+-----+--------+

Top non-repeatable levels by time:
     D:4: 1585 daAuts
     D:2: 1391 daAuts
     D:8: 1388 daAuts
     D:3: 1210 daAuts
     D:1: 1198 daAuts
     D:5: 1129 daAuts
     D:7: 1029 daAuts
 Ossuary: 655 daAuts
     D:6: 633 daAuts
     D:9: 333 daAuts
   Sewer: 179 daAuts
 Abyss:1: 104 daAuts
